AoeStats
← [CL] Al3jandr0.magn00

Golden Pit

507159833Analyzed
1v1 RM · 15d ago on Sep 16, 2026· 20m 0s· 2 players
Game mode
Random Map
Map size
Tiny (2 player)
Population
200
Speed
Normal
Resources
Standard
Victory
Conquest
Starting age
Dark Age
Ending age
Imperial Age
RankedLock teamsTeams togetherTeam positionsShared explorationLock speedFull tech treeHidden civsTurbo modeCheats
Victory
Defeat
🇦🇷 Britons · Argentina
1836
+17
🇵🇪 Franks · Peru
1860
-17
[CL] Al3jandr0.magn00
8:02 Loom
11:49 Feudal Age
17:02 Castle Age
16:11 Fletching
18:19 Double-Bit Axe
Sadico
1:35 Loom
9:31 Feudal Age
10:57 Town Watch
10:49 Man-at-Arms
21:20 Castle Age
19:31 Double-Bit Axe
20:35 Scale Barding Armor
Connection lost

Rejoining the realm…

Still unreachable

The connection could not be restored.

Session expired

The server has moved on; the page needs a fresh start.